 Dungeon Crawl Stone Soup version 0.29.0-4-gdea44cf6ec (webtiles) character file.

Game seed: 12743549875357396353

86496 qw the Warrior (level 15, -7/149 HPs)
             Began as a Minotaur Berserker on Sept 9, 2022.
             Was an Elder of Trog.
             Killed by divine providence
             ... invoked by a smoke demon
             ... summoned by an orc high priest
              (13 damage)
             ... on level 2 of the Orcish Mines.
             The game lasted 00:08:41 (23338 turns).

qw the Warrior (Minotaur Berserker)                Turns: 23338, Time: 00:08:42

Health: -7/149     AC: 30    Str: 33    XL:     15   Next: 41%
Magic:  14/14      EV: 15    Int:  4    God:    Trog [****..]
Gold:   1610       SH: 12    Dex: 14    Spells: 14/14 levels left

rFire   . . .      SeeInvis .   k - +6 war axe of Action {vorpal, Fly Str+5}
rCold   . . .      Faith    .   y - +0 kite shield
rNeg    . . .      Spirit   .   f - +6 plate armour
rPois   .          Reflect  .   (helmet restricted)
rElec   .          Harm     .   (no cloak)
rCorr   .          Rampage  .   l - +2 pair of gloves {Dex+3}
Will    +++..                   (no boots)
Stlth   ..........              h - amulet of regeneration
HPRegen 2.14/turn               r - +4 ring of evasion
MPRegen 0.14/turn               w - +4 ring of protection

@: about to teleport, strong-willed (expiring), on berserk cooldown, flying,
regenerating (expiring), slowed, very slow
A: horns 2, retaliatory headbutt
a: Renounce Religion, Berserk, Trog's Hand, Brothers in Arms


You were on level 2 of the Orcish Mines.
You worshipped Trog.
Trog was greatly pleased with you.
You visited 3 branches of the dungeon, and saw 22 of its levels.
You also visited: Sewer.

You collected 2027 gold pieces.
You spent 417 gold pieces at shops.


Innate Abilities, Weirdness & Mutations

You have a pair of horns on your head.
You reflexively headbutt those who attack you in melee.


   Skills:
 - Level 18.1 Fighting
 - Level 16.1 Axes
 - Level 9.0 Throwing
 - Level 15.0 Armour
 - Level 9.0 Dodging
 + Level 11.5 Shields


You had 14 spell levels left.
You didn't know any spells.
Your spell library was empty.

Inventory:

Hand Weapons
 k - the +6 war axe of Action (weapon) {vorpal, Fly Str+5}
   (You found it on level 4 of the Lair of Beasts)

   It inflicts extra damage upon your enemies.
   Str:       It affects your strength (+5).
   Fly:       It grants you flight.
 x - a +0 broad axe of flaming
Missiles
 s - 4 javelins
 u - 19 boomerangs (quivered)
Armour
 f - a +6 plate armour (worn)
 l - a +2 pair of gloves of dexterity (worn)
 y - a +0 kite shield (worn)
Jewellery
 g - a ring of fire
 h - an amulet of regeneration (around neck)
 r - a +4 ring of evasion (left hand)
 w - a +4 ring of protection (right hand)
Wands
 b - a wand of digging (2)
Scrolls
 e - 5 scrolls of enchant weapon
 j - 12 scrolls of identify
 q - 5 scrolls of brand weapon
Potions
 a - 6 potions of haste
 c - 2 potions of might
 d - a potion of resistance
 i - 11 potions of curing
 m - 2 potions of heal wounds

Dungeon Overview and Level Annotations

Branches:
Dungeon (15/15)            Temple (0/1) D:7            Lair (5/5) D:8
  Swamp (0/4) Lair:3        Snake (0/4) Lair:2        Slime (0/5) Lair:4
    Orc (2/2) D:12            Elf (0/3) Orc:2        Vaults (0/5) D:14
 Depths (0/4) D:15          Sewer (visited)

Altars:
Elyvilon
Gozag
Hepliaklqana
Kikubaaqudgha
Makhleb
Qazlal
Zin

Shops:
D:1 *   D:3 ?   D:11 *   Orc:1 [   Orc:2 (

Portals:
Abyss: D:3

Annotations:
D:3 2 transporters, qw's ghost, amateur MiFi
D:12 1 runed translucent door, qw's ghost, novice GrFi
D:13 2 transporters, qw's ghost, journeyman GrBe
Lair:1 3 runed translucent doors, qw's ghost, journeyman GrBe; qw's ghost, journeyman MiBe; qw's ghost, journeyman MiFi; qw's ghost, novice MiFi


Message History

The ufetubus barely misses you. You furiously retaliate!
You headbutt the ufetubus!!
You kill the ufetubus!
The ufetubus disappears in a puff of smoke!
The orc sorcerer gestures wildly while chanting.
The orc knight roars a battlecry!
The orcs go into a battle-frenzy!
The chaos spawn ululates chillingly with its many mouths.
You block the orc knight's attack. The orange demon barely misses you.
The orc high priest calls upon Beogh to heal the orc knight.
The orc knight is healed somewhat.
The ynoxinul gestures.
The soul eater hits you.
The ynoxinul gestures.
The ufetubus misses you. The ufetubus closely misses you.
23338 ||| DRINKING 3 potions of heal wounds.
You feel much better.
The orc knight no longer looks unusually strong. x2
You block the orange demon's attack.
The orc knight hits you with a +2 long sword!!
The ufetubus closely misses you. The ufetubus misses you.
The orc knight closely misses you.
The orc high priest hits you but does no damage.
The ynoxinul gestures at you. The iron shot misses you.
The iron shot hits the orc knight!
The soul eater barely misses you.
The orange demon stings you but does no damage.
The orc knight hits you with a +2 long sword!!
The orc sorcerer mumbles some strange words.
You block the orc knight's attack.
The orc sorcerer howls an incantation.
You feel troubled.
The orc sorcerer casts a spell.
The orc priest calls down the wrath of Beogh upon you.
Beogh smites you!
The ufetubus hits you but does no damage.
The ufetubus misses you. The orc high priest misses you.
The smoke demon gestures at you. Beogh smites you!
You die...

## .##.## .\##
#.....# ..##
..5.5.5 ##..#
..5o45o ...#
..53o43 #..#
..3.4o4 ##..##
.oooooo##5).)#
#.#oo@55)#)#
#.#5o335##.#
#.#455###..#
#.######..##
...####.####...##
#...........###
######.######
####.####
#.....#.##


You could see 4 orc knights, a soul eater (summoned), an orc high priest
(strong), an orange demon (summoned), an ice devil (summoned), a rust devil
(summoned), 2 smoke demons, 2 ynoxinuls, a chaos spawn (summoned), 3 orc
sorcerers, a red devil (summoned), 3 orc warriors, 2 orc priests and 13 ufetubi.

Vanquished Creatures
  An orc warlord (Orc:1)
  6 dire elephants (Lair:5)
  2 fire dragons (D:15)
  8 vault guards (D:14)
  Josephine (Lair:4)
  5 hydras
  Fannar (D:10)
  A catoblepas (D:14)
  3 boulder beetles
  A death knight (D:14)
  5 centaur warriors
  An ice dragon (D:15)
  Erica (D:10)
  A tengu warrior (D:15)
  2 orc high priests
  A spectral dire elephant (Lair:5)
  Sonja (Lair:4)
  2 spectral death yaks (Lair:5)
  Amaemon (Lair:3)
  6 skeletal warriors
  A spectral anaconda (Lair:5)
  2 bog bodies (Lair:3)
  Pikel (D:4)
  An obsidian statue (Lair:5)
  A phantasmal warrior (D:14)
  4 orc knights
  3 necromancers (Lair:5)
  A lindwurm (Lair:5)
  An orc sorcerer (Orc:2)
  9 cyclopes
  3 manticores
  12 ugly things
  6 elephants (Lair:5)
  A guardian serpent (shapeshifter) (D:13)
  A black mamba (Lair:4)
  7 cane toads
  An orange demon (Lair:3)
  An unseen horror (D:11)
  A dire elephant skeleton (Lair:5)
  3 kobold demonologists
  5 rime drakes
  A freezing wraith (D:15)
  4 komodo dragons
  A tengu conjurer (D:15)
  A troll (D:11)
  4 meliai
  2 hornets
  A queen bee (D:11)
  2 polar bears (Lair:3)
  A spectral elephant (Lair:5)
  10 slime creatures
  2 shadows
  3 vampires
  4 wraiths
  A wyvern (Lair:5)
  A dire elephant simulacrum (Lair:5)
  6 basilisks
  A steam dragon (D:10)
  46 yaks
  3 vampire mosquitoes (D:11)
  2 spectral cane toads (Lair:5)
  3 nagas (Lair:2)
  6 wargs
  10 water moccasins
  3 sky beasts
  An ice beast (D:6)
  29 orc warriors
  2 black bears
  4 elephant zombies (Lair:5)
  5 ogres
  4 wolves (Lair:5)
  5 centaurs
  3 lemures (D:4)
  2 phantoms (D:6)
  4 kobold brigands (D:6)
  3 scorpions
  11 bullfrogs
  A gnoll sergeant (D:13)
  A necrophage (D:7)
  An earth elemental (D:11)
  A cane toad simulacrum (Lair:5)
  7 wights
  48 killer bees
  3 howler monkeys
  A lava snake (D:12)
  6 hounds
  3 jellies (Lair:4)
  20 orc priests
  2 gnoll boudas
  4 iguanas
  26 orc wizards
  7 hell rats (Lair:5)
  18 gnolls
  A river rat (Sewer)
  8 adders
  A shadow imp (D:8)
  2 white imps
  An ufetubus (D:5)
  2 worms
  3 dart slugs
  78 orcs
  3 bats
  8 endoplasms
  4 giant cockroaches
  10 goblins
  6 hobgoblins
  4 quokkas (D:1)
  10 ball pythons
  6 frilled lizards (Sewer)
  5 kobolds
  10 rats
617 creatures vanquished.

Vanquished Creatures (collateral kills)
  A hydra (Lair:5)
  A centaur warrior (D:13)
  A boulder beetle (D:13)
  A death knight (D:12)
  A black mamba (Lair:5)
  A yaktaur (D:12)
  A polar bear (Lair:5)
  4 yaks (Lair:5)
  An orc wizard (Orc:2)
  An orc (Orc:1)
13 creatures vanquished.

Vanquished Creatures (others)
  A wight (D:10)
  11 fungi
  12 plants
  22 withered plants (Lair:5)
46 creatures vanquished.

Grand Total: 676 creatures vanquished

Notes
Turn   | Place    | Note
-------+----------+-------------------------------------------
     0 | D:1      | qw the Minotaur Berserker began the quest for the Orb.
     0 | D:1      | Reached XP level 1. HP: 19/19 MP: 0/0
     0 | D:1      | 0 ||| qw: Version: 0.1-a-113-g051387a
     0 | D:1      | 0 ||| qw: Game counter: 7014
     0 | D:1      | 0 ||| qw: Always use a shield: true
     0 | D:1      | 0 ||| qw: Do Orc after D:15 true
     0 | D:1      | 0 ||| qw: Do second Lair branch before Depths: true
     0 | D:1      | 0 ||| qw: Lair rune preference: random
     0 | D:1      | 0 ||| qw: Plans: Normal
     0 | D:1      | 0 ||| PLANNING D:1-11
    10 | D:1      | 10 ||| Stepping ~*~*~tactically~*~*~ (hiding).
   112 | D:1      | Found Suifikh's Assorted Antiques.
   122 | D:1      | Reached XP level 2. HP: 26/26 MP: 1/1
   126 | D:1      | 126 ||| BUYING black potion (26 gold).
   126 | D:1      | Bought a black potion for 26 gold pieces
   126 | D:1      | 126 ||| SHOPLISTING black potion (26 gold, have 13).
   126 | D:1      | 126 ||| SHOPLISTING bubbling inky potion (26 gold, have
                  | 13).
   126 | D:1      | 126 ||| SHOPLISTING leather armour (58 gold, have 13).
   126 | D:1      | 126 ||| SHOPLISTING scroll labelled CEGYAH UNAE (29 gold,
                  | have 13).
   126 | D:1      | 126 ||| SHOPLISTING scroll labelled HABAIRH QYCOOT (29
                  | gold, have 13).
   126 | D:1      | 126 ||| SHOPLISTING scroll labelled QUS DUEKHONOLI (29
                  | gold, have 13).
   126 | D:1      | 126 ||| SHOPLISTING scroll labelled WEP CA ESHRAUS (29
                  | gold, have 13).
   147 | D:1      | 147 ||| Stepping ~*~*~tactically~*~*~ (stealth).
   260 | D:1      | Found a faded altar of an unknown god.
   488 | D:1      | 488 ||| Stepping ~*~*~tactically~*~*~ (stealth).
   490 | D:1      | 490 ||| Stepping ~*~*~tactically~*~*~ (stealth).
   491 | D:1      | 491 ||| Stepping ~*~*~tactically~*~*~ (stealth).
   496 | D:1      | 496 ||| Stepping ~*~*~tactically~*~*~ (stealth).
   498 | D:1      | 498 ||| Stepping ~*~*~tactically~*~*~ (stealth).
   519 | D:1      | 519 ||| Stepping ~*~*~tactically~*~*~ (stealth).
   543 | D:1      | 543 ||| Stepping ~*~*~tactically~*~*~ (stealth).
   582 | D:1      | 582 ||| Stepping ~*~*~tactically~*~*~ (stealth).
   583 | D:1      | 583 ||| Stepping ~*~*~tactically~*~*~ (stealth).
   584 | D:1      | 584 ||| Stepping ~*~*~tactically~*~*~ (stealth).
   585 | D:1      | 585 ||| Stepping ~*~*~tactically~*~*~ (stealth).
   586 | D:1      | 586 ||| Stepping ~*~*~tactically~*~*~ (stealth).
   768 | D:1      | 768 ||| UPGRADING to +0 leather armour.
   778 | D:1      | 778 ||| DROPPING +0 animal skin.
   779 | D:1      | 779 ||| READING scroll labelled XUROOM FETWON.
   782 | D:1      | 782 ||| READING scroll labelled QIDOYPUR ZEWU.
   783 | D:1      | 783 ||| READING scroll labelled BIBBYO FIHUSCH.
   784 | D:1      | 784 ||| Stepping randomly (stuck).
   785 | D:1      | 785 ||| Stepping ~*~*~tactically~*~*~ (cloud).
  1028 | D:2      | Reached XP level 3. HP: 31/31 MP: 2/2
  1099 | D:2      | 1099 ||| Stepping ~*~*~tactically~*~*~ (hiding).
  1477 | D:2      | 1477 ||| Stepping ~*~*~tactically~*~*~ (stealth).
  1478 | D:2      | 1478 ||| Stepping ~*~*~tactically~*~*~ (stealth).
  1521 | D:2      | 1521 ||| INVOKING Berserk.
  1792 | D:2      | Reached ** piety under Trog
  2166 | D:2      | Reached skill level 6 in Axes
  2166 | D:2      | Reached XP level 4. HP: 39/39 MP: 3/3
  2190 | D:2      | 2190 ||| UPGRADING to +0 ring mail.
  2200 | D:2      | 2200 ||| DROPPING +0 leather armour.
  2201 | D:2      | 2201 ||| READING scroll labelled CEGYAH UNAE.
  2202 | D:2      | 2202 ||| READING scroll labelled LUEJ KOCZANASM.
  2203 | D:2      | 2203 ||| READING scroll labelled QUS DUEKHONOLI.
  2204 | D:2      | 2204 ||| DRINKING 2 amethyst potions.
  2319 | D:3      | Noticed a scorpion
  2324 | D:3      | Killed a scorpion
  2336 | D:3      | 2336 ||| Stepping ~*~*~tactically~*~*~ (stealth).
  2343 | D:3      | 2343 ||| Stepping ~*~*~tactically~*~*~ (stealth).
  2346 | D:3      | Reached XP level 5. HP: 45/45 MP: 4/4
  2388 | D:3      | 2388 ||| Stepping ~*~*~tactically~*~*~ (stealth).
  2398 | D:3      | 2398 ||| Stepping ~*~*~tactically~*~*~ (stealth).
  2399 | D:3      | 2399 ||| Stepping ~*~*~tactically~*~*~ (stealth).
  2447 | D:3      | Found Mahaclal's Magic Scroll Shop.
  2454 | D:3      | 2454 ||| SHOPLISTING scroll of enchant armour (97 gold,
                  | have 79).
  2454 | D:3      | 2454 ||| BUYING scroll of identify (26 gold).
  2454 | D:3      | Bought a scroll of identify for 26 gold pieces
  2454 | D:3      | 2454 ||| BUYING scroll of identify (26 gold).
  2454 | D:3      | Bought a scroll of identify for 26 gold pieces
  2454 | D:3      | 2454 ||| BUYING scroll of identify (26 gold).
  2454 | D:3      | Bought a scroll of identify for 26 gold pieces
  2527 | D:3      | Found a transporter.
  2532 | D:3      | Found a transporter.
  2553 | D:3      | 2553 ||| Stepping ~*~*~tactically~*~*~ (hiding).
  2556 | D:3      | 2556 ||| Stepping ~*~*~tactically~*~*~ (hiding).
  2841 | D:3      | Reached skill level 4 in Fighting
  2929 | D:3      | 2929 ||| Stepping ~*~*~tactically~*~*~ (stealth).
  2964 | D:3      | Found a one-way gate to the infinite horrors of the Abyss.
  2982 | D:3      | Noticed qw's ghost (amateur MiFi)
  3024 | D:3      | 3024 ||| UPGRADING to +0 chain mail.
  3034 | D:3      | 3034 ||| DROPPING +0 ring mail.
  3035 | D:3      | 3035 ||| DROPPING amulet of magic regeneration.
  3036 | D:3      | 3036 ||| READING 2 scrolls labelled WEP CA ESHRAUS.
  3037 | D:3      | 3037 ||| READING scroll labelled HUIQUS MITT.
  3179 | D:3      | 3179 ||| READING 2 scrolls labelled KEHIFIEDWU.
  3180 | D:3      | 3180 ||| DRINKING 2 lumpy silvery potions.
  3181 | D:3      | 3181 ||| DRINKING 2 fuming brown potions.
  3182 | D:3      | 3182 ||| READING 3 scrolls of identify.
  3182 | D:3      | 3182 ||| IDENTIFYING black potion
  3183 | D:3      | 3183 ||| READING 2 scrolls of identify.
  3183 | D:3      | 3183 ||| IDENTIFYING cyan potion
  3184 | D:3      | 3184 ||| DROPPING scroll of amnesia.
  3185 | D:3      | 3185 ||| DROPPING potion of lignification.
  3186 | D:3      | 3186 ||| DROPPING potion of flight.
  3187 | D:3      | 3187 ||| DROPPING potion of degeneration.
  3188 | D:3      | 3188 ||| DROPPING potion of brilliance.
  3189 | D:3      | 3189 ||| DROPPING scroll of butterflies.
  3213 | D:4      | 3213 ||| PLANNING SEWER
  3213 | D:4      | 3213 ||| STAIRDANCE
  3228 | D:4      | 3228 ||| STAIRDANCE
  3289 | D:4      | 3289 ||| STAIRDANCE
  3291 | D:3      | 3291 ||| INVOKING Berserk.
  3367 | D:3      | 3367 ||| DROPPING +0 club.
  3449 | D:4      | Reached XP level 6. HP: 32/52 MP: 5/5
  3451 | D:4      | 3451 ||| INVOKING Berserk.
  3455 | D:4      | Reached skill level 9 in Axes
  3723 | D:4      | Found a glowing drain.
  3724 | D:4      | 3724 ||| READING scroll labelled WOKERUELOY.
  3825 | D:4      | 3825 ||| READING scroll labelled GEKEIH KIROTU.
  3832 | D:4      | 3832 ||| Stepping randomly (stuck).
  3835 | D:4      | 3835 ||| Stepping randomly (stuck).
  3836 | D:4      | 3836 ||| Stepping randomly (stuck).
  3837 | D:4      | 3837 ||| Stepping randomly (stuck).
  3838 | D:4      | 3838 ||| Stepping randomly (stuck).
  3855 | Sewer    | Entered a sewer
  3859 | Sewer    | 3859 ||| Stepping ~*~*~tactically~*~*~ (water).
  4139 | Sewer    | 4139 ||| UPGRADING to +6 ring of strength.
  4140 | Sewer    | 4140 ||| DRINKING 2 fuming blue potions.
  4141 | Sewer    | 4141 ||| READING 2 scrolls of identify.
  4141 | Sewer    | 4141 ||| IDENTIFYING sapphire potion
  4178 | D:4      | 4178 ||| PLANNING D:1-11
  4240 | D:4      | 4240 ||| Stepping ~*~*~tactically~*~*~ (hiding).
  4246 | D:4      | 4246 ||| INVOKING Berserk.
  4248 | D:4      | Reached XP level 7. HP: 60/60 MP: 6/6
  4249 | D:4      | Reached skill level 5 in Fighting
  4368 | D:4      | 4368 ||| DROPPING +0 flail.
  4430 | D:4      | 4430 ||| Stepping ~*~*~tactically~*~*~ (stealth).
  4435 | D:4      | 4435 ||| Stepping ~*~*~tactically~*~*~ (stealth).
  4505 | D:4      | Noticed Pikel
  4506 | D:4      | 4506 ||| Stepping ~*~*~tactically~*~*~ (stealth).
  4512 | D:4      | 4512 ||| Stepping ~*~*~tactically~*~*~ (stealth).
  4513 | D:4      | 4513 ||| Stepping ~*~*~tactically~*~*~ (stealth).
  4551 | D:4      | 4551 ||| Stepping ~*~*~tactically~*~*~ (stealth).
  4553 | D:4      | 4553 ||| Stepping ~*~*~tactically~*~*~ (stealth).
  4554 | D:4      | 4554 ||| Stepping ~*~*~tactically~*~*~ (stealth).
  4555 | D:4      | 4555 ||| Stepping ~*~*~tactically~*~*~ (stealth).
  4559 | D:4      | Reached *** piety under Trog
  4560 | D:4      | Reached skill level 3 in Armour
  4630 | D:4      | 4630 ||| Stepping ~*~*~tactically~*~*~ (stealth).
  4639 | D:4      | 4639 ||| INVOKING Berserk.
  4645 | D:4      | Killed Pikel
  4646 | D:4      | Reached XP level 8. HP: 59/68 MP: 7/7
  4914 | D:4      | 4914 ||| READING scroll labelled KYDU KOTET.
  4915 | D:4      | 4915 ||| READING 2 scrolls of identify.
  4915 | D:4      | 4915 ||| IDENTIFYING yellow potion
  4916 | D:4      | 4916 ||| DROPPING potion of berserk rage.
  4935 | D:5      | Entered Level 5 of the Dungeon
  4991 | D:5      | Reached skill level 6 in Fighting
  5098 | D:5      | 5098 ||| INVOKING Berserk.
  5307 | D:5      | 5307 ||| Stepping ~*~*~tactically~*~*~ (stealth).
  5313 | D:5      | 5313 ||| INVOKING Berserk.
  5320 | D:5      | Reached skill level 12 in Axes
  5688 | D:5      | 5688 ||| UPGRADING to amulet of regeneration.
  5693 | D:5      | 5693 ||| UPGRADING to +6 ring of dexterity.
  5694 | D:5      | 5694 ||| READING scroll labelled HABAIRH QYCOOT.
  5695 | D:5      | 5695 ||| READING 2 scrolls of identify.
  5695 | D:5      | 5695 ||| IDENTIFYING bubbling white potion
  5736 | D:6      | 5736 ||| INVOKING Berserk.
  5739 | D:6      | Reached skill level 3 in Dodging
  5881 | D:6      | 5881 ||| Stepping ~*~*~tactically~*~*~ (hiding).
  5884 | D:6      | 5884 ||| Stepping ~*~*~tactically~*~*~ (hiding).
  6046 | D:6      | Reached skill level 7 in Fighting
  6144 | D:6      | Reached XP level 9. HP: 78/79 MP: 8/8
  6344 | D:6      | 6344 ||| INVOKING Berserk.
  6459 | D:6      | Found a burning altar of Makhleb.
  6850 | D:6      | Found the +7 Throatcutter {drain, coup de grace}
  6850 | D:6      | Noticed a kobold demonologist
  6851 | D:6      | Noticed an orange demon
  6859 | D:6      | Noticed a sixfirhy
  6859 | D:6      | Killed a kobold demonologist
  6935 | D:6      | 6935 ||| UPGRADING to +0 plate armour.
  6945 | D:6      | 6945 ||| DROPPING +0 chain mail.
  6946 | D:6      | 6946 ||| READING 4 scrolls of enchant armour.
  6946 | D:6      | 6946 ||| ENCHANTING +0 plate armour.
  6947 | D:6      | 6947 ||| READING 3 scrolls of enchant armour.
  6947 | D:6      | 6947 ||| ENCHANTING +1 plate armour.
  6948 | D:6      | 6948 ||| READING 2 scrolls of enchant armour.
  6948 | D:6      | 6948 ||| ENCHANTING +2 plate armour.
  6949 | D:6      | 6949 ||| READING scroll of enchant armour.
  6949 | D:6      | 6949 ||| ENCHANTING +3 plate armour.
  6950 | D:6      | 6950 ||| READING 3 scrolls of identify.
  6950 | D:6      | 6950 ||| IDENTIFYING metallic green potion
  6951 | D:6      | 6951 ||| DROPPING potion of magic.
  7018 | D:7      | You fall into a shaft and drop 2 floors!
  7028 | D:9      | Reached skill level 8 in Fighting
  7066 | D:9      | 7066 ||| READING 2 scrolls of identify.
  7066 | D:9      | 7066 ||| IDENTIFYING bubbling inky potion
  7112 | D:8      | Reached skill level 1 in Throwing
  7121 | D:8      | Reached skill level 6 in Armour
  7127 | D:8      | 7127 ||| Stepping ~*~*~tactically~*~*~ (hiding).
  7143 | D:8      | 7143 ||| DROPPING +1 flail of venom.
  7173 | D:8      | Found a staircase to the Lair.
  7175 | D:8      | 7175 ||| INVOKING Berserk.
  7181 | D:8      | Reached **** piety under Trog
  7193 | D:8      | Reached XP level 10. HP: 81/89 MP: 9/9
  7312 | D:8      | 7312 ||| INVOKING Berserk.
  7327 | D:8      | Reached skill level 9 in Fighting
  7447 | D:7      | 7447 ||| INVOKING Berserk.
  7597 | D:7      | Found a staircase to the Ecumenical Temple.
  7600 | D:7      | 7600 ||| READING scroll of enchant armour.
  7600 | D:7      | 7600 ||| ENCHANTING +4 plate armour.
  7746 | D:7      | Found a white marble altar of Elyvilon.
  7751 | D:7      | 7751 ||| READING scroll of teleportation.
  7898 | D:7      | 7898 ||| Stepping ~*~*~tactically~*~*~ (hiding).
  8050 | D:7      | 8050 ||| PLANNING LAIR
  8050 | D:7      | 8050 ||| READING scroll labelled EHISYHOATA.
  8051 | D:7      | 8051 ||| READING 2 scrolls of identify.
  8051 | D:7      | 8051 ||| IDENTIFYING grey potion
  8052 | D:7      | 8052 ||| DROPPING potion of attraction.
  8080 | Lair:1   | Entered Level 1 of the Lair of Beasts
  8146 | Lair:1   | 8146 ||| INVOKING Berserk.
  8325 | Lair:1   | Noticed a cane toad
  8329 | Lair:1   | 8329 ||| INVOKING Berserk.
  8334 | Lair:1   | Killed a cane toad
  8335 | Lair:1   | Reached skill level 10 in Fighting
  8470 | Lair:1   | Found a runed translucent gate.
  8470 | Lair:1   | Found a runed translucent gate.
  8470 | Lair:1   | Found a runed translucent gate.
  8471 | Lair:1   | Noticed qw's ghost (journeyman GrBe)
  8471 | Lair:1   | Noticed qw's ghost (journeyman MiBe)
  8471 | Lair:1   | Noticed qw's ghost (journeyman GrBe)
  8471 | Lair:1   | Noticed qw's ghost (journeyman MiFi)
  8473 | Lair:1   | Noticed qw's ghost (novice MiFi)
  8799 | Lair:2   | 8799 ||| Stepping ~*~*~tactically~*~*~ (hiding).
  8930 | Lair:2   | Found a staircase to the Snake Pit.
  8952 | Lair:2   | Reached skill level 6 in Dodging
  8986 | Lair:2   | 8986 ||| SWAPPING to +0 war axe.
  8987 | Lair:2   | 8987 ||| DROPPING +1 hand axe of draining.
  9006 | Lair:2   | 9006 ||| INVOKING Berserk.
  9140 | Lair:2   | 9140 ||| Stepping ~*~*~tactically~*~*~ (hiding).
  9142 | Lair:2   | 9142 ||| Stepping ~*~*~tactically~*~*~ (hiding).
  9297 | Lair:2   | Noticed a cane toad
  9300 | Lair:2   | 9300 ||| INVOKING Berserk.
  9302 | Lair:2   | Killed a cane toad
  9412 | Lair:2   | Identified the +4 quarterstaff of Causality {speed, Str+3}
  9476 | Lair:2   | Reached XP level 11. HP: 95/101 MP: 10/10
  9484 | Lair:2   | Reached skill level 15 in Axes
 10026 | Lair:2   | 10026 ||| DROPPING +1 plate armour of willpower.
 10065 | Lair:3   | 10065 ||| Stepping ~*~*~tactically~*~*~ (hiding).
 10066 | Lair:3   | 10066 ||| INVOKING Berserk.
 10096 | Lair:3   | Noticed Amaemon
 10120 | Lair:3   | Killed Amaemon
 10190 | Lair:3   | 10190 ||| DROPPING +1 morningstar.
 10518 | Lair:3   | Found a staircase to the Swamp.
 10518 | Lair:3   | Noticed a bog body
 10518 | Lair:3   | Noticed a bog body
 10519 | Lair:3   | 10519 ||| FLEEEEING.
 10520 | Lair:3   | 10520 ||| FLEEEEING.
 10521 | Lair:3   | 10521 ||| FLEEEEING.
 10522 | Lair:3   | 10522 ||| FLEEEEING.
 10524 | Lair:3   | 10524 ||| FLEEEEING.
 10525 | Lair:3   | 10525 ||| FLEEEEING.
 10526 | Lair:3   | 10526 ||| FLEEEEING.
 10527 | Lair:3   | 10527 ||| FLEEEEING.
 10528 | Lair:3   | 10528 ||| FLEEEEING.
 10529 | Lair:3   | 10529 ||| FLEEEEING.
 10530 | Lair:3   | 10530 ||| FLEEEEING.
 10541 | Lair:3   | Killed a bog body
 10542 | Lair:3   | Reached skill level 3 in Throwing
 10544 | Lair:3   | 10544 ||| INVOKING Berserk.
 10545 | Lair:3   | Killed a bog body
 10839 | Lair:3   | 10839 ||| INVOKING Berserk.
 11158 | Lair:3   | 11158 ||| UPGRADING to +0 buckler.
 11163 | Lair:3   | 11163 ||| DROPPING amulet of faith.
 11230 | Lair:4   | 11230 ||| Stepping ~*~*~tactically~*~*~ (stealth).
 11234 | Lair:4   | 11234 ||| Stepping ~*~*~tactically~*~*~ (stealth).
 11239 | Lair:4   | Reached skill level 1 in Shields
 11244 | Lair:4   | Found a staircase to the Slime Pits.
 11246 | Lair:4   | 11246 ||| Stepping ~*~*~tactically~*~*~ (stealth).
 11247 | Lair:4   | 11247 ||| Stepping ~*~*~tactically~*~*~ (hiding).
 11253 | Lair:4   | 11253 ||| INVOKING Berserk.
 11272 | Lair:4   | Reached skill level 3 in Shields
 11292 | Lair:4   | Noticed an eight-headed hydra
 11296 | Lair:4   | 11296 ||| SWAPPING to -2 demon whip of venom.
 11301 | Lair:4   | Killed an eight-headed hydra
 11302 | Lair:4   | 11302 ||| SWAPPING to +0 war axe.
 11421 | Lair:4   | Identified the +6 war axe of Action {vorpal, Fly Str+5}
 11423 | Lair:4   | 11423 ||| SWAPPING to +6 war axe of Action {vorpal, Fly
                  | Str+5}.
 11424 | Lair:4   | 11424 ||| DROPPING +0 war axe.
 11546 | Lair:4   | 11546 ||| INVOKING Berserk.
 11667 | Lair:4   | Noticed Sonja
 11681 | Lair:4   | 11681 ||| INVOKING Berserk.
 11683 | Lair:4   | HP: 37/151 [Sonja/+2 dagger of distortion (10)]
 11685 | Lair:4   | 11685 ||| READING 2 scrolls of teleportation.
 11685 | Lair:4   | HP: 16/101 [asphyx]
 11686 | Lair:4   | 11686 ||| DRINKING 2 potions of heal wounds.
 11695 | Lair:4   | Reached skill level 6 in Shields
 11836 | Lair:4   | Noticed Josephine
 11850 | Lair:4   | Killed Josephine
 12028 | Lair:4   | 12028 ||| INVOKING Berserk.
 12031 | Lair:4   | HP: 36/151 [Sonja/+2 dagger of distortion (4)]
 12032 | Lair:4   | Killed Sonja
 12033 | Lair:4   | Reached skill level 11 in Fighting
 12517 | Lair:5   | Entered Level 5 of the Lair of Beasts
 12518 | Lair:5   | 12518 ||| Stepping ~*~*~tactically~*~*~ (hiding).
 12519 | Lair:5   | 12519 ||| Stepping ~*~*~tactically~*~*~ (hiding).
 12531 | Lair:5   | 12531 ||| Stepping ~*~*~tactically~*~*~ (stealth).
 12533 | Lair:5   | 12533 ||| Stepping ~*~*~tactically~*~*~ (stealth).
 12533 | Lair:5   | Noticed a four-headed hydra
 12534 | Lair:5   | 12534 ||| Stepping ~*~*~tactically~*~*~ (stealth).
 12535 | Lair:5   | 12535 ||| Stepping ~*~*~tactically~*~*~ (stealth).
 12536 | Lair:5   | 12536 ||| INVOKING Brothers in Arms.
 12537 | Lair:5   | 12537 ||| INVOKING Berserk.
 12538 | Lair:5   | Reached XP level 12. HP: 110/110 MP: 11/11
 12547 | Lair:5   | Reached skill level 9 in Armour
 12548 | Lair:5   | Killed a seven-headed hydra
 12561 | Lair:5   | Killed an eight-headed hydra
 12700 | Lair:5   | 12700 ||| Stepping ~*~*~tactically~*~*~ (stealth).
 12712 | Lair:5   | 12712 ||| Stepping ~*~*~tactically~*~*~ (stealth).
 12713 | Lair:5   | 12713 ||| Stepping ~*~*~tactically~*~*~ (stealth).
 12714 | Lair:5   | 12714 ||| Stepping ~*~*~tactically~*~*~ (stealth).
 12717 | Lair:5   | 12717 ||| Stepping ~*~*~tactically~*~*~ (stealth).
 12721 | Lair:5   | 12721 ||| Stepping ~*~*~tactically~*~*~ (stealth).
 12725 | Lair:5   | 12725 ||| Stepping ~*~*~tactically~*~*~ (stealth).
 12735 | Lair:5   | 12735 ||| Stepping ~*~*~tactically~*~*~ (stealth).
 12738 | Lair:5   | 12738 ||| Stepping ~*~*~tactically~*~*~ (stealth).
 12741 | Lair:5   | 12741 ||| Stepping ~*~*~tactically~*~*~ (stealth).
 12742 | Lair:5   | 12742 ||| Stepping ~*~*~tactically~*~*~ (stealth).
 12743 | Lair:5   | 12743 ||| Stepping ~*~*~tactically~*~*~ (stealth).
 12744 | Lair:5   | 12744 ||| Stepping ~*~*~tactically~*~*~ (stealth).
 12745 | Lair:5   | 12745 ||| Stepping ~*~*~tactically~*~*~ (stealth).
 12752 | Lair:5   | Reached skill level 12 in Fighting
 12838 | Lair:5   | 12838 ||| Stepping ~*~*~tactically~*~*~ (hiding).
 12842 | Lair:5   | 12842 ||| INVOKING Berserk.
 13090 | Lair:5   | Noticed a five-headed hydra
 13091 | Lair:5   | 13091 ||| INVOKING Brothers in Arms.
 13092 | Lair:5   | 13092 ||| INVOKING Brothers in Arms.
 13093 | Lair:5   | 13093 ||| INVOKING Brothers in Arms.
 13094 | Lair:5   | 13094 ||| INVOKING Brothers in Arms.
 13095 | Lair:5   | 13095 ||| INVOKING Brothers in Arms.
 13096 | Lair:5   | 13096 ||| SWAPPING to -2 demon whip of venom.
 13097 | Lair:5   | 13097 ||| INVOKING Berserk.
 13099 | Lair:5   | Killed a five-headed hydra
 13105 | Lair:5   | 13105 ||| SWAPPING to +6 war axe of Action {vorpal, Fly
                  | Str+5}.
 13216 | Lair:5   | 13216 ||| INVOKING Berserk.
 13486 | Lair:5   | 13486 ||| READING scroll of enchant armour.
 13486 | Lair:5   | 13486 ||| ENCHANTING +5 plate armour.
 13631 | Lair:5   | 13631 ||| Stepping ~*~*~tactically~*~*~ (stealth).
 13632 | Lair:5   | 13632 ||| Stepping ~*~*~tactically~*~*~ (stealth).
 13722 | Lair:5   | Noticed a dire elephant
 13722 | Lair:5   | Noticed a dire elephant
 13722 | Lair:5   | Noticed a dire elephant
 13723 | Lair:5   | Noticed a dire elephant
 13723 | Lair:5   | Noticed a dire elephant
 13727 | Lair:5   | 13727 ||| INVOKING Berserk.
 13732 | Lair:5   | Reached skill level 13 in Fighting
 13737 | Lair:5   | Killed a dire elephant
 13743 | Lair:5   | 13743 ||| Stepping ~*~*~tactically~*~*~ (stealth).
 13744 | Lair:5   | 13744 ||| Stepping ~*~*~tactically~*~*~ (stealth).
 13751 | Lair:5   | Noticed a dire elephant
 13760 | Lair:5   | HP: 18/115 [dire elephant (21)]
 13761 | Lair:5   | 13761 ||| READING scroll of teleportation.
 13762 | Lair:5   | 13762 ||| DRINKING potion of heal wounds.
 13763 | Lair:5   | HP: 2/115 [dire elephant (29)]
 13780 | Lair:5   | 13780 ||| FLEEEEING.
 13781 | Lair:5   | 13781 ||| FLEEEEING.
 13782 | Lair:5   | 13782 ||| FLEEEEING.
 13885 | Lair:5   | 13885 ||| INVOKING Berserk.
 13890 | Lair:5   | Killed a dire elephant
 13891 | Lair:5   | Reached skill level 6 in Throwing
 14083 | Lair:5   | Reached XP level 13. HP: 119/122 MP: 12/12
 14098 | Lair:5   | 14098 ||| INVOKING Brothers in Arms.
 14099 | Lair:5   | 14099 ||| INVOKING Brothers in Arms.
 14100 | Lair:5   | 14100 ||| INVOKING Brothers in Arms.
 14101 | Lair:5   | 14101 ||| INVOKING Brothers in Arms.
 14102 | Lair:5   | 14102 ||| INVOKING Brothers in Arms.
 14103 | Lair:5   | 14103 ||| INVOKING Brothers in Arms.
 14104 | Lair:5   | 14104 ||| INVOKING Brothers in Arms.
 14105 | Lair:5   | 14105 ||| INVOKING Brothers in Arms.
 14106 | Lair:5   | 14106 ||| INVOKING Brothers in Arms.
 14107 | Lair:5   | 14107 ||| INVOKING Brothers in Arms.
 14108 | Lair:5   | 14108 ||| INVOKING Brothers in Arms.
 14118 | Lair:5   | 14118 ||| INVOKING Berserk.
 14256 | Lair:5   | 14256 ||| INVOKING Berserk.
 14262 | Lair:5   | Killed a dire elephant
 14263 | Lair:5   | Reached skill level 9 in Shields
 14264 | Lair:5   | Killed a dire elephant
 14272 | Lair:5   | Killed a dire elephant
 14276 | Lair:5   | Killed a dire elephant
 14276 | Lair:5   | HP: 45/184 [something (10)]
 14277 | Lair:5   | Reached skill level 14 in Fighting
 14279 | Lair:5   | 14279 ||| Stepping ~*~*~tactically~*~*~ (cloud).
 14423 | Lair:5   | 14423 ||| Stepping ~*~*~tactically~*~*~ (hiding).
 14445 | Lair:5   | 14445 ||| Stepping ~*~*~tactically~*~*~ (stealth).
 14469 | Lair:5   | Reached skill level 9 in Dodging
 14487 | Lair:5   | 14487 ||| Stepping ~*~*~tactically~*~*~ (hiding).
 14579 | Lair:5   | 14579 ||| PLANNING D:1-11
 14579 | Lair:5   | 14579 ||| READING 13 scrolls of identify.
 14579 | Lair:5   | 14579 ||| IDENTIFYING smoky coppery potion
 14580 | Lair:5   | 14580 ||| READING 12 scrolls of identify.
 14580 | Lair:5   | 14580 ||| IDENTIFYING white potion
 14581 | Lair:5   | 14581 ||| DROPPING potion of invisibility.
 14582 | Lair:5   | 14582 ||| DROPPING potion of ambrosia.
 14706 | D:8      | 14706 ||| Stepping ~*~*~tactically~*~*~ (stealth).
 14810 | D:8      | 14810 ||| Stepping ~*~*~tactically~*~*~ (stealth).
 14813 | D:8      | 14813 ||| Stepping ~*~*~tactically~*~*~ (stealth).
 14814 | D:8      | 14814 ||| Stepping ~*~*~tactically~*~*~ (stealth).
 14827 | D:8      | 14827 ||| Stepping ~*~*~tactically~*~*~ (stealth).
 14828 | D:8      | 14828 ||| Stepping ~*~*~tactically~*~*~ (stealth).
 14829 | D:8      | 14829 ||| Stepping ~*~*~tactically~*~*~ (stealth).
 14897 | D:8      | Found an opulent altar of Gozag.
 14897 | D:8      | Found an ancient bone altar of Kikubaaqudgha.
 15133 | D:8      | 15133 ||| UPGRADING to +4 ring of evasion.
 15135 | D:8      | 15135 ||| UPGRADING to +6 ring of strength.
 15137 | D:8      | 15137 ||| DROPPING +6 ring of dexterity.
 15280 | D:9      | 15280 ||| Stepping ~*~*~tactically~*~*~ (hiding).
 15420 | D:9      | Found a stormy altar of Qazlal.
 15790 | D:9      | 15790 ||| DROPPING ring of resist corrosion.
 15791 | D:9      | 15791 ||| READING scroll labelled QIGREU AXIU.
 15792 | D:9      | 15792 ||| READING scroll labelled CIYLOBR TAOMN.
 15817 | D:10     | Entered Level 10 of the Dungeon
 15845 | D:10     | 15845 ||| INVOKING Berserk.
 15991 | D:10     | Noticed Erica
 15997 | D:10     | 15997 ||| INVOKING Berserk.
 16003 | D:10     | Killed Erica
 16004 | D:10     | Reached skill level 15 in Fighting
 16250 | D:10     | 16250 ||| Stepping ~*~*~tactically~*~*~ (stealth).
 16252 | D:10     | 16252 ||| Stepping ~*~*~tactically~*~*~ (stealth).
 16255 | D:10     | 16255 ||| Stepping ~*~*~tactically~*~*~ (stealth).
 16263 | D:10     | Noticed Fannar
 16264 | D:10     | 16264 ||| Stepping ~*~*~tactically~*~*~ (stealth).
 16268 | D:10     | 16268 ||| Stepping ~*~*~tactically~*~*~ (hiding).
 16270 | D:10     | 16270 ||| Stepping ~*~*~tactically~*~*~ (hiding).
 16272 | D:10     | 16272 ||| Stepping ~*~*~tactically~*~*~ (hiding).
 16283 | D:10     | Killed Fannar
 16331 | D:10     | Found a faded altar of an unknown god.
 16331 | D:10     | Found a faded altar of an unknown god.
 16336 | D:10     | Found a hazy altar of Hepliaklqana.
 16395 | D:10     | Found a glowing silver altar of Zin.
 16544 | D:10     | 16544 ||| READING 12 scrolls of identify.
 16544 | D:10     | 16544 ||| IDENTIFYING ruby potion
 16603 | D:11     | 16603 ||| Stepping ~*~*~tactically~*~*~ (stealth).
 16606 | D:11     | 16606 ||| Stepping ~*~*~tactically~*~*~ (stealth).
 16617 | D:11     | Reached ***** piety under Trog
 16631 | D:11     | Found Giutus's Pet Rocks.
 16643 | D:11     | 16643 ||| DRINKING potion of cancellation.
 16683 | D:11     | 16683 ||| BUYING wand of digging (2) (126 gold).
 16683 | D:11     | Bought a wand of digging (2) for 126 gold pieces
 16782 | D:11     | 16782 ||| Stepping ~*~*~tactically~*~*~ (stealth).
 16875 | D:11     | 16875 ||| Stepping ~*~*~tactically~*~*~ (stealth).
 16940 | D:11     | Reached skill level 12 in Armour
 17178 | D:11     | 17178 ||| PLANNING D
 17178 | D:11     | 17178 ||| DROPPING ring of willpower.
 17297 | D:12     | 17297 ||| INVOKING Brothers in Arms.
 17298 | D:12     | 17298 ||| SWAPPING to -2 demon whip of venom.
 17299 | D:12     | 17299 ||| INVOKING Berserk.
 17299 | D:12     | HP: 38/189 [red ugly thing (15)]
 17303 | D:12     | HP: 17/190 [red ugly thing (19)]
 17304 | D:12     | Reached XP level 14. HP: 18/135 MP: 13/13
 17308 | D:12     | HP: 9/202 [four-headed hydra (5)]
 17310 | D:12     | Received a gift from Trog
 17314 | D:12     | 17314 ||| READING scroll of teleportation.
 17315 | D:12     | 17315 ||| SWAPPING to +6 war axe of Action {vorpal, Fly
                  | Str+5}.
 17476 | D:12     | Found a staircase to the Orcish Mines.
 17477 | D:12     | 17477 ||| INVOKING Berserk.
 17669 | D:12     | 17669 ||| Stepping ~*~*~tactically~*~*~ (stealth).
 17671 | D:12     | 17671 ||| Stepping ~*~*~tactically~*~*~ (hiding).
 17785 | D:12     | Found a runed translucent door.
 17793 | D:12     | Reached skill level 16 in Fighting
 17793 | D:12     | Noticed qw's ghost (novice GrFi)
 17849 | D:12     | 17849 ||| FLEEEEING.
 17850 | D:12     | 17850 ||| FLEEEEING.
 17858 | D:12     | 17858 ||| Stepping ~*~*~tactically~*~*~ (hiding).
 17935 | D:12     | 17935 ||| Stepping ~*~*~tactically~*~*~ (stealth).
 17938 | D:12     | 17938 ||| INVOKING Berserk.
 18012 | D:12     | Identified the ring of Geilylih {Ice rN+}
 18093 | D:12     | Identified the +4 ring mail of Kebiex {Rampage MP+9 Dex-5}
 18124 | D:12     | 18124 ||| INVOKING Berserk.
 18535 | D:12     | 18535 ||| READING scroll labelled YGOIMIUXTU.
 18560 | D:13     | 18560 ||| INVOKING Brothers in Arms.
 18563 | D:13     | 18563 ||| INVOKING Berserk.
 18574 | D:13     | Reached skill level 17 in Fighting
 18774 | D:13     | Noticed qw's ghost (journeyman GrBe)
 18775 | D:13     | Identified the +2 great mace of the Tired Wars {protect,
                  | rC+ Dex+3}
 18783 | D:13     | Found a transporter.
 18785 | D:13     | Found a transporter.
 18824 | D:13     | 18824 ||| Stepping ~*~*~tactically~*~*~ (stealth).
 18825 | D:13     | 18825 ||| Stepping ~*~*~tactically~*~*~ (stealth).
 18830 | D:13     | 18830 ||| Stepping ~*~*~tactically~*~*~ (stealth).
 18832 | D:13     | 18832 ||| INVOKING Berserk.
 18840 | D:13     | 18840 ||| FLEEEEING.
 18850 | D:13     | 18850 ||| STAIRDANCE
 19015 | D:13     | Identified the +2 dagger "Dopaskew" {flame, *Slow rF+ rN+
                  | Dex+4}
 19056 | D:13     | 19056 ||| Stepping ~*~*~tactically~*~*~ (hiding).
 19065 | D:13     | 19065 ||| Stepping ~*~*~tactically~*~*~ (stealth).
 19189 | D:13     | 19189 ||| UPGRADING to +2 pair of gloves.
 19207 | D:14     | 19207 ||| INVOKING Berserk.
 19219 | D:14     | 19219 ||| STAIRDANCE
 19340 | D:14     | 19340 ||| Stepping ~*~*~tactically~*~*~ (hiding).
 19341 | D:14     | 19341 ||| INVOKING Berserk.
 19556 | D:14     | 19556 ||| INVOKING Berserk.
 19700 | D:14     | 19700 ||| Stepping ~*~*~tactically~*~*~ (stealth).
 19702 | D:14     | 19702 ||| Stepping ~*~*~tactically~*~*~ (stealth).
 19704 | D:14     | 19704 ||| Stepping ~*~*~tactically~*~*~ (hiding).
 19721 | D:14     | Found a gate to the Vaults.
 19881 | D:14     | 19881 ||| INVOKING Brothers in Arms.
 19882 | D:14     | 19882 ||| INVOKING Berserk.
 19968 | D:14     | 19968 ||| Stepping ~*~*~tactically~*~*~ (stealth).
 20026 | D:14     | 20026 ||| Stepping ~*~*~tactically~*~*~ (stealth).
 20028 | D:14     | 20028 ||| Stepping ~*~*~tactically~*~*~ (hiding).
 20030 | D:14     | 20030 ||| INVOKING Berserk.
 20276 | D:14     | 20276 ||| Stepping ~*~*~tactically~*~*~ (hiding).
 20460 | D:14     | 20460 ||| Stepping ~*~*~tactically~*~*~ (stealth).
 20461 | D:14     | 20461 ||| Stepping ~*~*~tactically~*~*~ (stealth).
 20463 | D:14     | 20463 ||| Stepping ~*~*~tactically~*~*~ (hiding).
 20610 | D:15     | Entered Level 15 of the Dungeon
 20611 | D:15     | 20611 ||| PLANNING GAUNTLET
 20687 | D:15     | 20687 ||| INVOKING Berserk.
 20699 | D:15     | Reached XP level 15. HP: 149/149 MP: 14/14
 20813 | D:15     | 20813 ||| INVOKING Berserk.
 20946 | D:15     | 20946 ||| Stepping ~*~*~tactically~*~*~ (stealth).
 20950 | D:15     | 20950 ||| Stepping ~*~*~tactically~*~*~ (stealth).
 20959 | D:15     | 20959 ||| Stepping ~*~*~tactically~*~*~ (hiding).
 20960 | D:15     | 20960 ||| Stepping ~*~*~tactically~*~*~ (hiding).
 20961 | D:15     | 20961 ||| Stepping ~*~*~tactically~*~*~ (hiding).
 20962 | D:15     | 20962 ||| Stepping ~*~*~tactically~*~*~ (hiding).
 20963 | D:15     | 20963 ||| INVOKING Berserk.
 20966 | D:15     | Reached skill level 18 in Fighting
 20981 | D:15     | 20981 ||| FLEEEEING.
 20982 | D:15     | 20982 ||| FLEEEEING.
 20983 | D:15     | 20983 ||| FLEEEEING.
 20984 | D:15     | 20984 ||| FLEEEEING.
 20985 | D:15     | 20985 ||| FLEEEEING.
 20986 | D:15     | 20986 ||| FLEEEEING.
 20987 | D:15     | 20987 ||| FLEEEEING.
 20988 | D:15     | 20988 ||| FLEEEEING.
 20989 | D:15     | 20989 ||| FLEEEEING.
 20990 | D:15     | 20990 ||| FLEEEEING.
 20991 | D:15     | 20991 ||| FLEEEEING.
 20992 | D:15     | 20992 ||| STAIRDANCE
 21135 | D:15     | 21135 ||| Stepping ~*~*~tactically~*~*~ (hiding).
 21144 | D:15     | 21144 ||| Stepping ~*~*~tactically~*~*~ (stealth).
 21149 | D:15     | 21149 ||| RIP GAUNTLET
 21152 | D:15     | 21152 ||| PLANNING D
 21217 | D:15     | 21217 ||| INVOKING Berserk.
 21382 | D:15     | 21382 ||| Stepping ~*~*~tactically~*~*~ (stealth).
 21384 | D:15     | 21384 ||| Stepping ~*~*~tactically~*~*~ (stealth).
 21385 | D:15     | 21385 ||| INVOKING Berserk.
 21398 | D:15     | 21398 ||| INVOKING Brothers in Arms.
 21624 | D:15     | 21624 ||| Stepping ~*~*~tactically~*~*~ (hiding).
 21628 | D:15     | 21628 ||| INVOKING Berserk.
 21777 | D:15     | Found a staircase to the Depths.
 21890 | D:15     | Reached skill level 15 in Armour
 21906 | D:15     | 21906 ||| SWAPPING to -2 demon whip of venom.
 21907 | D:15     | 21907 ||| INVOKING Berserk.
 21927 | D:15     | 21927 ||| SWAPPING to +6 war axe of Action {vorpal, Fly
                  | Str+5}.
 22259 | D:15     | 22259 ||| PLANNING ORC
 22259 | D:15     | 22259 ||| UPGRADING to +4 ring of protection.
 22261 | D:15     | 22261 ||| DROPPING +6 ring of strength.
 22326 | Orc:1    | Entered Level 1 of the Orcish Mines
 22327 | Orc:1    | Found Guodug's Antique Armour Emporium.
 22347 | Orc:1    | 22347 ||| BUYING pair of embroidered gloves (187 gold).
 22347 | Orc:1    | Bought a pair of embroidered gloves for 187 gold pieces
 22359 | Orc:1    | 22359 ||| Stepping ~*~*~tactically~*~*~ (stealth).
 22364 | Orc:1    | 22364 ||| Stepping ~*~*~tactically~*~*~ (hiding).
 22376 | Orc:1    | 22376 ||| INVOKING Brothers in Arms.
 22380 | Orc:1    | 22380 ||| INVOKING Berserk.
 22691 | Orc:1    | 22691 ||| Stepping ~*~*~tactically~*~*~ (hiding).
 22699 | Orc:1    | 22699 ||| Stepping ~*~*~tactically~*~*~ (hiding).
 22712 | Orc:1    | Noticed an orc warlord
 22713 | Orc:1    | 22713 ||| INVOKING Brothers in Arms.
 22714 | Orc:1    | 22714 ||| INVOKING Berserk.
 22718 | Orc:1    | Reached skill level 9 in Throwing
 22723 | Orc:1    | Killed an orc warlord
 22833 | Orc:1    | 22833 ||| DROPPING -2 demon whip of venom.
 22834 | Orc:1    | 22834 ||| DROPPING +2 vorpal broad axe.
 22971 | Orc:1    | 22971 ||| UPGRADING to +2 pair of gloves of dexterity.
 22981 | Orc:1    | 22981 ||| DROPPING +2 pair of gloves.
 22982 | Orc:1    | 22982 ||| UPGRADING to +0 kite shield.
 22992 | Orc:1    | 22992 ||| DROPPING +0 buckler.
 23009 | Orc:2    | Entered Level 2 of the Orcish Mines
 23016 | Orc:2    | 23016 ||| Stepping ~*~*~tactically~*~*~ (stealth).
 23063 | Orc:2    | Found a staircase to the Elven Halls.
 23069 | Orc:2    | 23069 ||| Stepping ~*~*~tactically~*~*~ (stealth).
 23148 | Orc:2    | 23148 ||| Stepping ~*~*~tactically~*~*~ (stealth).
 23150 | Orc:2    | 23150 ||| Stepping ~*~*~tactically~*~*~ (hiding).
 23153 | Orc:2    | 23153 ||| INVOKING Berserk.
 23297 | Orc:2    | 23297 ||| Stepping ~*~*~tactically~*~*~ (hiding).
 23302 | Orc:2    | Found Ymmil's Weapon Shop.
 23310 | Orc:2    | 23310 ||| INVOKING Trog's Hand.
 23311 | Orc:2    | 23311 ||| INVOKING Berserk.
 23326 | Orc:2    | 23326 ||| INVOKING Brothers in Arms.
 23327 | Orc:2    | 23327 ||| INVOKING Brothers in Arms.
 23330 | Orc:2    | 23330 ||| INVOKING Brothers in Arms.
 23331 | Orc:2    | 23331 ||| INVOKING Brothers in Arms.
 23336 | Orc:2    | HP: 29/149 [orc knight/+2 long sword (18)]
 23337 | Orc:2    | 23337 ||| READING scroll of teleportation.
 23338 | Orc:2    | 23338 ||| DRINKING 3 potions of heal wounds.
 23338 | Orc:2    | HP: 6/149 [orc priest/divine providence (13)]
 23338 | Orc:2    | Killed from afar by a smoke demon

Levels and vault maps discovered:
D:1:      spicycebolla_green_bress_n_ham_2, layout_rooms,
          hellmonk_ecumenical_altar_run_dry, serial_shops,
          nicolae_shop_overgrown_old_shop
D:2:      layout_basic, nicolae_kite_square_tiling_tiny,
          minmay_misc_feat_four_crosses, minmay_misc_feat_alley
D:3:      layout_basic, serial_shops, nicolae_shop_statue_plus,
          gammafunk_ghost_abyssal_escape, minmay_quantized
D:4:      layout_rooms, cheibrodos_sewer_entry_bend, nicolae_titane, uniq_pikel
D:5:      layout_cave_pools, chequers_serial_rivers_micro_c
D:6:      layout_loops_ring, makhleb_heckhound_becter, grunt_ministairs_8,
          chequers_serial_rivers_small_3, dilly_guarded_unrand_throatcut
D:7:      layout_rooms, lemuel_doored_altar, minmay_temple_entry_large_hall,
          enter_bailey_8, minmay_checkerbox
D:8:      layout_rooms, gammafunk_temple_overflow_elements,
          erik_lair_orcish_takeover
D:9:      layout_loops_ring, nicolae_qazlal_general_emergency
D:10:     layout_rooms, lemuel_crystal_altar,
          nicolae_hepliaklqana_ecumenical_no_more, uniq_erica, uniq_fannar
D:11:     layout_roguey [special_room_bee], guppyfry_shop_earth
D:12:     minmay_stepped, layout_basic, david_orc_5, ebering_ghost_inner_flame,
          kennysheep_generic_room_11
D:13:     layout_rooms, gammafunk_ghost_smash
D:14:     minmay_goldmine, layout_loops_ring, erik_vaults_2,
          minmay_strange_pillars
D:15:     grunt_enter_depths_hoard, layout_basic, gauntlet_entry_generic,
          minmay_hedge_maze, serial_bayou_pond_e
Lair:1:   layout_misc_corridors, gammafunk_ghost_cemetery, lemuel_fruit_tree,
          lemuel_fruit_fields, infiniplex_staircase_pool_2
Lair:2:   layout_regular_city, guppyfry_snake_entry_garden
Lair:3:   layout_regular_city, skrybe_swamp_entry_bodies, uniq_amaemon
Lair:4:   layout_roguey, minmay_slime_entry_pillars, serial_bayou_shore_b,
          uniq_josephine, uniq_sonja
Lair:5:   due_jungle_book, layout_regular_city
Orc:1:    layout_caves, serial_shops, shop_fountains
Orc:2:    st_orc_elflike, layout_diamond_mine, biasface_ghost_orc_armoury

Skill      XL: |  1  2  3  4  5  6  7  8  9 10 11 12 13 14 15 |
---------------+----------------------------------------------+-----
Axes           | 4 5 6 8 9 11 12 14 16 | 16.1
Fighting       | 4 5 7 8 10 11 13 15 17 18 | 18.1
Armour         | 3 4 6 8 10 12 14 15 | 15.0
Dodging        | 3 4 6 8 9 |  9.0
Throwing       | 1 2 4 6 7 8 9 |  9.0
Shields        | 7 8 10 11 | 11.5

Action                   |  1- 3 |  4- 6 |  7- 9 | 10-12 | 13-15 || total
-------------------------+-------+-------+-------+-------+-------++-------
Melee: Hand axe          |    80 |   112 |   190 |   115 |       ||   497
       Headbutt          |    11 |     8 |    29 |    89 |   163 ||   300
       Punch             |       |     1 |     1 |     2 |       ||     4
       War axe           |       |       |       |   263 |   723 ||   986
       Demon whip        |       |       |       |     7 |    21 ||    28
Throw: Boomerang         |       |       |     3 |    30 |    15 ||    48
       Javelin           |       |       |       |    53 |   120 ||   173
Invok: Berserk           |     1 |     3 |     6 |    19 |    26 ||    55
       Brothers in Arms  |       |       |       |     2 |     9 ||    11
       Trog's Hand       |       |       |       |       |     1 ||     1
  Use: Scroll            |     3 |    11 |    10 |     7 |     8 ||    39
       Potion            |       |     4 |       |     2 |     2 ||     8
Armor: Animal skin       |     4 |       |       |       |       ||     4
       Leather armour    |     8 |       |       |       |       ||     8
       Ring mail         |       |    10 |       |       |       ||    10
       Chain mail        |       |    46 |    41 |       |       ||    87
       Plate armour      |       |       |    22 |   162 |   280 ||   464
Dodge: Dodged            |    26 |    52 |    74 |   161 |   304 ||   617
Block: Buckler           |       |       |       |    45 |   127 ||   172
       Kite shield       |       |       |       |       |    30 ||    30

Table legend:
 A = Non-vault XP
 B = Vault XP
 C = Vault XP percentage of total XP
 D = Non-vault monster count
 E = Vault monster count
 F = Vault count percentage of total count
                 A         B        C        D         E       F
            +---------+---------+-------+---------+---------+-------
      Total |   74593 |   48974 |  39.6 |     446 |     181 |  28.9
            +---------+---------+-------+---------+---------+-------
        D:1 |      39 |       0 |   0.0 |      21 |       0 |   0.0
        D:2 |      59 |       0 |   0.0 |      19 |       0 |   0.0
        D:3 |      90 |      92 |  50.5 |      22 |       4 |  15.4
        D:4 |     554 |     668 |  54.7 |      16 |       2 |  11.1
        D:5 |     647 |       0 |   0.0 |      14 |       0 |   0.0
        D:6 |     908 |     950 |  51.1 |       9 |       8 |  47.1
        D:7 |     650 |     241 |  27.0 |      15 |       4 |  21.1
        D:8 |    2796 |     555 |  16.6 |      30 |       7 |  18.9
        D:9 |    2011 |       0 |   0.0 |      17 |       0 |   0.0
       D:10 |    1025 |    1704 |  62.4 |      12 |       2 |  14.3
       D:11 |    4247 |    2713 |  39.0 |      23 |      28 |  54.9
       D:12 |    2643 |    8430 |  76.1 |       9 |      35 |  79.5
       D:13 |    6658 |       0 |   0.0 |      17 |       0 |   0.0
       D:14 |   12213 |    7341 |  37.5 |      21 |      19 |  47.5
       D:15 |   13501 |    1751 |  11.5 |      34 |       2 |   5.6
     Lair:1 |    1408 |       0 |   0.0 |       8 |       0 |   0.0
     Lair:2 |    2939 |     474 |  13.9 |      12 |       3 |  20.0
     Lair:3 |    1671 |    2592 |  60.8 |       6 |       4 |  40.0
     Lair:4 |    2298 |    2684 |  53.9 |       8 |       9 |  52.9
     Lair:5 |   11933 |   16971 |  58.7 |      49 |      32 |  39.5
      Orc:1 |    4864 |       0 |   0.0 |      57 |       0 |   0.0
      Orc:2 |    1439 |    1767 |  55.1 |      27 |       8 |  22.9
      Sewer |       0 |      41 | 100.0 |       0 |      14 | 100.0
            +---------+---------+-------+---------+---------+-------
